 Dungeon Crawl Stone Soup version 0.22-a0-407-gb098539 (webtiles) character file.

3741 dstrtnsr the Cleaver (level 10, -7/133 (139) HPs)
             Began as a Hill Orc Berserker on May 9, 2018.
             Was an Elder of Trog.
             Mangled by Grum
             ... wielding a +0 glaive
              (11 damage)
             ... on level 9 of the Dungeon.
             The game lasted 00:06:23 (5280 turns).

dstrtnsr the Cleaver (Hill Orc Berserker)           Turns: 5280, Time: 00:06:24

HP:   -7/133 (139)  AC: 10    Str: 29    XL:     10   Next: 15%
MP:   10/10         EV:  7    Int:  7    God:    Trog [****..]
Gold: 230           SH:  9    Dex: 10    Spells: 9/9 levels left

rFire    . . .     SeeInvis .   s - +0 broad axe
rCold    . . .     Gourm    .   t - +0 shield
rNeg     . . .     Faith    .   d - +0 chain mail
rPois    .         Spirit   .   (no helmet)
rElec    .         Reflect  .   (no cloak)
rCorr    .         Harm     .   (no gloves)
MR       .....                  k - +0 pair of boots
Stlth    ..........             i - amulet of regeneration
HPRegen  0.72/turn              u - ring of flight
MPRegen  0.12/turn              (no ring)

@: berserking, very quick
A: no striking features
a: Berserk, Trog's Hand, Brothers in Arms, Renounce Religion, Evoke Flight


You were on level 9 of the Dungeon.
You worshipped Trog.
Trog was greatly pleased with you.
You were very hungry.

You visited 1 branch of the dungeon, and saw 9 of its levels.

You collected 230 gold pieces.

Inventory:

Hand Weapons
 s - a +0 broad axe (weapon)
Armour
 d - a +0 chain mail (worn)
 k - a +0 pair of boots (worn)
 t - a +0 shield (worn)
Jewellery
 i - an amulet of regeneration (around neck)
 u - a ring of flight (left hand)
Wands
 C - a wand of acid (17)
 I - a wand of iceblast (11)
Scrolls
 c - a scroll of blinking {unknown}
 g - a scroll of magic mapping {unknown}
 h - a scroll of teleportation {!d}
 m - a scroll of amnesia {unknown}
 p - 2 scrolls of enchant weapon {unknown}
 q - 2 scrolls of remove curse {unknown}
 x - a scroll of silence {unknown}
Potions
 a - 2 potions of flight
 b - a potion of curing {unknown}
 f - a potion of resistance
 j - 2 potions of heal wounds
 l - 2 potions of agility
 n - a potion of lignification {unknown}
 o - 2 potions of might
 r - a potion of ambrosia
 v - a potion of berserk rage {unknown}
Comestibles
 e - 8 rations {!d}
 w - 4 chunks of flesh


   Skills:
 + Level 10.2 Fighting
 * Level 14.1 Axes
 + Level 3.7 Armour
 + Level 2.8 Dodging
 + Level 1.6 Shields


You had 9 spell levels left.
You didn't know any spells.

Dungeon Overview and Level Annotations

Branches:
Dungeon (9/15)               Lair (0/6) D:9
 Temple: D:4-7          Orc: D:9-12

Altars:
Fedhas
Okawaru
Wu Jian

Shops:
D:7 %   D:8 =

Annotations:
D:4 Blork the orc, Menkaure
D:6 Gorglomux's ghost, novice KoNe
D:9 Grum


Message History

2 wolves come into view.
The wolf howls! x2
There are monsters nearby!
There are monsters nearby!
There are monsters nearby!
There are monsters nearby!
Grum the Hunter comes into view.
He is wielding a glaive.
A komodo dragon and a wolf come into view.
There are monsters nearby!
You closely miss the wolf.
The wolf howls!
The wolf bites you but does no damage.
You miss the wolf. You hit the wolf. The wolf bites you. The wolf bites you!
You block the wolf's attack. The wolf bites you but does no damage.
You miss the wolf.
The wolf is lightly wounded.
You closely miss the wolf. You block the wolf's attack.
The wolf bites you but does no damage. The wolf bites you. The wolf bites you!
Your shield prevents you from hitting the wolf.
The wolf is lightly wounded.
You miss the wolf. You block the wolf's attack.
The wolf bites you but does no damage. x2
A wolf comes into view.
You closely miss the wolf.
The wolf is lightly wounded.
Your shield and chain mail prevent you from hitting the wolf.
The wolf howls!
You block the wolf's attack. The wolf bites you!
Grum hits you from afar with a glaive!
You miss the wolf.
The wolf is lightly wounded.
You closely miss the wolf. You completely miss the wolf. The wolf bites you!
You block the wolf's attack. The wolf bites you. The wolf bites you!
* * * LOW HITPOINT WARNING * * *
The wolf bites you.
* * * LOW HITPOINT WARNING * * *
The wolf bites you but does no damage. Grum barely misses you.
You are too injured to fight recklessly!
A red film seems to cover your vision as you go berserk!
You feel yourself moving faster!
You feel mighty!
You are feeling very hungry.
The wolf bites you.
* * * LOW HITPOINT WARNING * * *
You block the wolf's attack. The wolf bites you.
* * * LOW HITPOINT WARNING * * *
You block the wolf's attack. The wolf bites you.
* * * LOW HITPOINT WARNING * * *
The wolf bites you.
* * * LOW HITPOINT WARNING * * *
You block Grum's attack.
You are too injured to fight recklessly!
You are too injured to fight recklessly!
You are too injured to fight recklessly!
You are too injured to fight recklessly!
You are too injured to fight recklessly!
You are too injured to fight recklessly!
You are too berserk!
Unknown command.
You slice the wolf!!
The wolf is severely wounded.
You slash the wolf! x2; You block the wolf's attack.
The wolf bites you.
* * * LOW HITPOINT WARNING * * *
The wolf bites you.
* * * LOW HITPOINT WARNING * * *
You slice the wolf!!
You kill the wolf!
Trog accepts your kill.
You hit the wolf but do no damage. You hit the wolf. The wolf bites you.
* * * LOW HITPOINT WARNING * * *
The wolf bites you.
* * * LOW HITPOINT WARNING * * *
Grum hits you from afar with a glaive!
* * * LOW HITPOINT WARNING * * *
The wolf bites you.
* * * LOW HITPOINT WARNING * * *
You slice the komodo dragon!!
The komodo dragon is heavily wounded.
You slice the wolf!!
You kill the wolf!
Trog accepts your kill.
You slash the wolf!
You kill the wolf!
Trog accepts your kill. You block the komodo dragon's attack.
You block the wolf's attack.
Grum growls, "I'll squash you like a puppy."
You block Grum's attack.
You slice Grum!!
Grum is heavily wounded.
You hit the komodo dragon but do no damage.
You closely miss the wolf. The wolf bites you.
* * * LOW HITPOINT WARNING * * *
You block the komodo dragon's attack.
You closely miss Grum.
Grum is heavily wounded.
Your chain mail prevents you from hitting the wolf.
You slash the komodo dragon! The wolf bites you.
* * * LOW HITPOINT WARNING * * *
Grum hits you with a glaive!
You die...

######.......## #
#........#
###........####.#<.
#..................
####...........##.##.
...............##.#
..................#
...........<...#######..
##+###########..@g......
.(>............hl.....#.
#######..........####.#
# #..........# #
#..........# #
#......#######
#.....#...≈...
#.(.....#...#
#######......##..P##


You could see a komodo dragon, Grum and a wolf.

Vanquished Creatures
  Pikel (D:5)
  The ghost of dstrtnsr the Cleaver, a novice HOBe of Trog (D:7)
  Sigmund (D:6)
  A hungry ghost (D:9)
  The ghost of Galewind the Magician, an amateur DEFE (D:4)
  2 ice beasts (D:9)
  2 orc warriors
  A sky beast (D:7)
  3 wolves (D:9)
  2 necrophages (D:8)
  3 ogres
  2 centaurs
  A big kobold (D:8)
  A water moccasin skeleton (D:8)
  Dowan (D:5)
  A scorpion (D:7)
  3 wights (D:7)
  A crimson imp (D:5)
  3 hounds
  2 bullfrog skeletons
  2 orc priests
  2 bullfrog zombies (D:8)
  2 jellies (D:8)
  An iguana (D:8)
  5 orc wizards
  9 worker ants
  A hound skeleton (D:8)
  A howler monkey skeleton (D:4)
  3 adders
  2 shadow imps
  An ooze (D:2)
  A worm (D:3)
  3 dart slugs
  6 leopard geckos
  14 orcs
  2 ball pythons
  4 giant cockroaches
  3 goblins
  2 hobgoblins (D:2)
  3 quokkas
  7 bats
  2 frilled lizards
  7 kobolds
  A leopard gecko skeleton (D:4)
  A leopard gecko zombie (D:7)
  7 rats
125 creatures vanquished.

Vanquished Creatures (others)
  A slave (D:5)
  Duvessa (D:5)
2 creatures vanquished.

Grand Total: 127 creatures vanquished

Notes
Turn   | Place    | Note
-------+----------+-------------------------------------------
     0 | D:1      | dstrtnsr the Hill Orc Berserker began the quest for the Orb.
     0 | D:1      | Reached XP level 1. HP: 19/19 MP: 1/1
   327 | D:1      | Reached XP level 2. HP: 19/27 MP: 2/2
   678 | D:2      | Reached skill level 5 in Axes
   678 | D:2      | Reached XP level 3. HP: 29/33 MP: 3/3
   771 | D:2      | Found a blossoming altar of Fedhas.
  1080 | D:2      | Reached ** piety under Trog
  1164 | D:3      | HP: 13/34 [poisoned by an adder]
  1166 | D:3      | Reached XP level 4. HP: 16/41 MP: 4/4
  1554 | D:3      | Reached skill level 6 in Axes
  1896 | D:4      | Noticed Galewind's ghost (amateur DEFE)
  1903 | D:4      | Killed Galewind's ghost
  1903 | D:4      | Reached skill level 5 in Fighting
  1903 | D:4      | Reached skill level 7 in Axes
  1903 | D:4      | Reached XP level 5. HP: 48/48 MP: 5/5
  1961 | D:4      | Reached XP level 6. HP: 47/56 MP: 6/6
  2130 | D:4      | Reached skill level 8 in Axes
  2285 | D:4      | Noticed Blork the orc
  2287 | D:4      | Noticed Menkaure
  2315 | D:5      | Entered Level 5 of the Dungeon
  2319 | D:5      | Found an iron altar of Okawaru.
  2363 | D:5      | Reached XP level 7. HP: 32/63 MP: 7/7
  2532 | D:5      | Noticed Pikel
  2535 | D:5      | Noticed Dowan
  2540 | D:5      | Killed Pikel
  2540 | D:5      | Reached skill level 10 in Axes
  2540 | D:5      | Reached XP level 8. HP: 73/73 MP: 8/8
  2542 | D:5      | Noticed Duvessa
  2551 | D:5      | Killed Dowan
  2551 | D:5      | Reached *** piety under Trog
  2558 | D:5      | Killed Duvessa
  2563 | D:5      | HP: 29/73 [poisoned by Duvessa]
  2568 | D:5      | HP: 22/73 [poisoned by Duvessa]
  2574 | D:5      | HP: 19/73 [poisoned by Duvessa]
  2579 | D:5      | HP: 17/73 [poisoned by Duvessa]
  2587 | D:5      | HP: 17/73 [poisoned by Duvessa]
  2870 | D:5      | Reached skill level 11 in Axes
  3091 | D:6      | Noticed Sigmund
  3232 | D:6      | Killed Sigmund
  3247 | D:6      | Noticed Gorglomux's ghost (novice KoNe)
  3581 | D:7      | Reached skill level 12 in Axes
  3868 | D:7      | Reached XP level 9. HP: 72/82 MP: 9/9
  4000 | D:7      | Noticed dstrtnsr's ghost (novice HOBe)
  4015 | D:7      | Killed dstrtnsr's ghost
  4092 | D:7      | Found Biriasou's Food Shop.
  4236 | D:7      | Reached skill level 13 in Axes
  4391 | D:8      | HP: 32/81 [jelly (1)]
  4393 | D:8      | HP: 13/81 [necrophage (8)]
  4393 | D:8      | HP: 2/80 [acid (8)]
  4757 | D:8      | Found Rawneel's Jewellery Boutique.
  5113 | D:9      | Found a staircase to the Lair.
  5139 | D:9      | Reached **** piety under Trog
  5139 | D:9      | Reached skill level 10 in Fighting
  5162 | D:9      | Reached XP level 10. HP: 51/89 MP: 10/10
  5165 | D:9      | Reached skill level 1 in Shields
  5227 | D:9      | Found an ornate altar of the Wu Jian Council.
  5256 | D:9      | Reached skill level 14 in Axes
  5267 | D:9      | Noticed Grum
  5273 | D:9      | HP: 34/89 [wolf[Grum] (8)]
  5276 | D:9      | HP: 13/133 [Grum/glaive (7)]
  5279 | D:9      | HP: 4/133 [wolf[Grum] (5)]
  5280 | D:9      | Mangled by Grum

Vault maps used:
D:1:      evilmike_arrival_run_for_it
D:2:      fedhas_altar_1, hangedman_decor_points, tgw_xom
D:3:      nicolae_ru_the_path_less_chosen, cheibrodos_ashenzari_chains,
          first_ration, portal_sewer_entry_e, uniq_natasha
D:4:      tgw_sif, serial_shops, shop, uniq_menkaure
D:5:      okawaru_gym_becter, uniq_pikel, uniq_duvessa
D:6:      kennysheep_mini, kennysheep_little_box,
          nicolae_gozag_cash_rules_everything_around_me,
          minmay_temple_entry_junction, bloody_trog, uniq_sigmund
D:7:      gammafunk_temple_overflow_elements, serial_shops, shop
D:8:      serial_undead, serial_undead_f, serial_undead_f, serial_undead_e,
          serial_undead_e, serial_shops, shop
D:9:      gammafunk_cloud_chamber, nicolae_overflow_crystal_walls,
          marbit_many_paths, dpeg_oklobed_lair, minmay_lizard_king,
          uniq_prince_ribbit1, uniq_maurice, uniq_grum

Skill      XL: |  1  2  3  4  5  6  7  8  9 10 |
---------------+-------------------------------+-----
Fighting       | 4 5 6 7 8 10 | 10.2
Axes           | 5 7 8 10 12 13 14 | 14.1
Dodging        | 2 |  2.8
Armour         | 3 |  3.7
Shields        | 1 |  1.6

Action                   |  1- 3 |  4- 6 |  7- 9 | 10-12 || total
-------------------------+-------+-------+-------+-------++-------
Melee: Hand axe          |    88 |    54 |       |       ||   142
       War axe           |       |    70 |   164 |       ||   234
       Unarmed           |       |       |     2 |       ||     2
       Broad axe         |       |       |    82 |    16 ||    98
Invok: Berserk           |     2 |     2 |    12 |     1 ||    17
       Trog's Hand       |       |       |     1 |       ||     1
  Use: Scroll            |       |       |     7 |       ||     7
  Eat: Chunk             |     2 |     3 |     5 |     1 ||    11
       Ration            |     1 |       |     6 |       ||     7
Armor: Animal skin       |    12 |       |       |       ||    12
       Ring mail         |     9 |    20 |       |       ||    29
       Scale mail        |       |    28 |    29 |       ||    57
       Chain mail        |       |       |    45 |    10 ||    55
Dodge: Dodged            |    55 |    66 |    92 |     2 ||   215
Block: Shield            |       |       |     9 |    16 ||    25

Table legend:
 A = Spawn XP
 B = Non-spawn XP
 C = Spawn XP percentage of total XP
 D = Spawn monster count
 E = Non-spawn monster count
 F = Spawn count percentage of total count
 G = Total turns spent on level
                    A         B        C        D         E        F      G
               +---------+---------+-------+---------+---------+-------+---------
         Total |       0 |    5345 |   0.0 |       0 |     126 |   0.0 |  5280
               +---------+---------+-------+---------+---------+-------+---------
           D:1 |       0 |      17 |   0.0 |       0 |      10 |   0.0 |   442
           D:2 |       0 |      47 |   0.0 |       0 |      17 |   0.0 |   680
           D:3 |       0 |      52 |   0.0 |       0 |      14 |   0.0 |   561
           D:4 |       0 |     374 |   0.0 |       0 |      16 |   0.0 |   632
           D:5 |       0 |    1220 |   0.0 |       0 |      15 |   0.0 |   926
           D:6 |       0 |     414 |   0.0 |       0 |       7 |   0.0 |   203
           D:7 |       0 |    1126 |   0.0 |       0 |      16 |   0.0 |   873
           D:8 |       0 |    1184 |   0.0 |       0 |      24 |   0.0 |   778
           D:9 |       0 |     911 |   0.0 |       0 |       7 |   0.0 |   185
               +---------+---------+-------+---------+---------+-------+---------
